 Dungeon Crawl Stone Soup version 0.30-a0-986-g7f2e898f52 (webtiles) character file.

Game seed: 4173800059192419486

54 mopl the Sneak (level 3, 0/26 HPs)
             Began as an Octopode Delver on Apr 1, 2023.
             Slain by a bullfrog (1 damage)
             ... on level 6 of the Dungeon.
             The game lasted 00:00:38 (64 turns).

mopl the Sneak (Octopode Delver)                      Turns: 64, Time: 00:00:39

Health: 0/26       AC:  1    Str: 11    XL:     3   Next: 91%
Magic:  3/3        EV: 13    Int: 14    God:
Gold:   0          SH:  0    Dex: 13    Spells: 2/2 levels left

rFire   . . .      SeeInvis .    a - +0 falchion
rCold   . . .      Faith    .    (no shield)
rNeg    . . .      Spirit   .    (helmet restricted)
rPois   .          Reflect  .    (no amulet)
rElec   .          Rampage  .    (no ring)
rCorr   .                        (no ring)
Will    .....                    (no ring)
Stlth   ++                       (no ring)
HPRegen 0.24/turn                (no ring)
MPRegen 0.08/turn                (no ring)
                                 (no ring)
                                 (no ring)

@: confused, ambrosia-drunk, mesmerised, hasted, very quick
A: almost no armour, amphibious, 8 rings, camouflage 1, gelatinous body 1,
(nimble swimmer 1), tentacles
a: no special abilities


You were on level 6 of the Dungeon.
You visited 1 branch of the dungeon, and saw 2 of its levels.

Inventory:

Hand Weapons
 a - a +0 falchion (weapon)
Wands
 f - a wand of digging (3)
Scrolls
 b - a scroll of fog
 c - a scroll of magic mapping
 d - a scroll of fear
Potions
 g - a potion of heal wounds {unknown}
 h - a potion of ambrosia


   Skills:
 + Level 3.4 Fighting
 + Level 2.6 Long Blades
 + Level 2.6 Dodging
 + Level 7.1 Stealth


You had 2 spell levels left.
You didn't know any spells.
Your spell library was empty.

Dungeon Overview and Level Annotations

Branches:
Dungeon (6/15)
 Temple: D:4-7

Altars:

Annotations:
D:6 Maggie, Menkaure


Innate Abilities, Weirdness & Mutations

You cannot wear most types of armour.
You are amphibious.
You can wear up to eight rings at the same time.
Your skin changes colour to match your surroundings (Stealth+).
Your rubbery body absorbs attacks. (AC +1, EV +1)
((You are camouflaged when in or above water. (Stealth+)))
You have tentacles for arms and can constrict up to eight enemies at once.


Message History

Maggie shouts!
You hear a loud, deep croak!
The hound closely misses you.
Menkaure shouts!
You hit the hound.
The hound is moderately wounded.
You constrict the hound.
You hear a shout!
The hound bites you.
A bullfrog comes into view.
The hound bites you.
Maggie casts a spell.
Maggie attempts to bespell you!
You are mesmerised by Maggie!
The bullfrog croaks.
You hit the hound.
The hound is severely wounded.
You constrict the hound.
You hear a shout!
An ufetubus comes into view.
The hound barely misses you. The hound closely misses you.
You hit the hound but do no damage. You squeeze the hound.
You kill the hound!
Your Stealth skill increases to level 7!
Unknown command.
It was a potion of ambrosia.
You are confused.
You feel invigorated.
Maggie shouts, "Leave me alone!"
You feel yourself speed up. The bullfrog hits you!
The bullfrog closely misses you.
Maggie gestures wildly while chanting.
Maggie draws you further into her thrall.
You miss the bullfrog. The bullfrog hits you!
Menkaure calls on the powers of darkness!
The bullfrog convulses!
Your body is wracked with pain!
Maggie convulses!
The ufetubus completely misses you. The ufetubus barely misses you.
Maggie hits you with a +0 heavy war axe!
* * * LOW HITPOINT WARNING * * *
The bullfrog hits you.
You die...

.### #
##....
.##.......
#...[..#..
##.........
#..........
#..5M.....#
#.@F(...../
##.@.....#
##.....##
###....##
#.....##
#..>..###
#.......#
#....<#.#
#.....#.#


You could see Maggie (mesmerising), Menkaure, a bullfrog and an ufetubus.

Vanquished Creatures
  A hound (D:6)
  An iguana (D:5)
2 creatures vanquished.

Notes
Turn   | Place    | Note
-------+----------+-------------------------------------------
     0 | D:5      | mopl the Octopode Delver began the quest for the Orb.
     0 | D:5      | Reached XP level 1. HP: 16/16 MP: 1/1
     8 | D:5      | Noticed an iguana
    22 | D:5      | Killed an iguana
    23 | D:5      | Reached XP level 2. HP: 21/21 MP: 2/2
    23 | D:5      | Reached XP level 3. HP: 26/26 MP: 3/3
    40 | D:5      | Noticed a yak
    41 | D:5      | Noticed a yak
    44 | D:5      | Noticed a yak
    53 | D:6      | Noticed Maggie
    56 | D:6      | Noticed Menkaure
    58 | D:6      | Noticed a bullfrog
    61 | D:6      | Reached skill level 7 in Stealth
    64 | D:6      | HP: 1/26 [Maggie/+0 heavy war axe (8)]
    64 | D:6      | Slain by a bullfrog

Illustrated notes

Levels and vault maps discovered:
D:5:      layout_rooms, serial_shops, shop
D:6:      layout_loops_ring, hangedman_ru_absence,
          mainiacjoe_overflow_six_doors_small, serial_demonic, serial_demonic_d,
          serial_demonic_g, serial_demonic_g, serial_demonic_e, st_stairs_4,
          uniq_menkaure, uniq_maggie, uniq_sigmund

Skill      XL: |  1  2  3 |
---------------+----------+-----
Stealth        | 7 |  7.1
Fighting       | |  3.4
Long Blades    | |  2.6
Dodging        | |  2.6

Action                     || total
---------------------------++-------
  Melee: Falchion          ||     7
         Tentacles         ||     3
         Constrict         ||     2
    Use: Potion            ||     2
   Stab: Sleeping          ||     2
  Dodge: Dodged            ||     7

Table legend: (Time is in decaauts)
 A = Elapsed time spent in this place.
 B = Non-inter-level travel time spent in this place.
 C = Inter-level travel time spent in this place.
 D = Time resting spent in this place.
 E = Time spent auto-exploring this place.
 F = Levels seen in this place.
 G = Mean time per level.
                   A        B        C        D        E       F      G
               +--------+--------+--------+--------+--------+-----+--------+
         Total |     64 |     64 |      0 |      0 |     16 |   2 |   32.0 |
       Dungeon |     64 |     64 |      0 |      0 |     16 |   2 |   32.0 |
               +--------+--------+--------+--------+--------+-----+--------+

Top non-repeatable levels by time:
     D:5: 46 daAuts
     D:6: 18 daAuts
